SAA
GURDON PELICANS @ ATLANTIC CITY SONICS
08/02/2019
 
TOP OF THE 1ST
Gurdon Pelicans batting - Pitching for Atlantic City Sonics : LHP Carlos Sánchez
Pitching: LHP Carlos Sánchez
Batting: RHB Ludovico Trezza 0-0: Ball
1-0: DOUBLE (Groundball, 5L)
Batting: LHB Guillermo Martínez 0-0: Ball
1-0: Ground out U3 (Groundball, 3)
Ludovico Trezza to third
Batting: RHB Alex Maxwell 0-0: Ball
1-0: Called Strike
1-1: Fly out, F8 (Flyball, 8RM)
Runner from 3rd tags up, SCORES, no throw
Batting: SHB Lionel Merlet 0-0: Called Strike
0-1: SOLO HOME RUN (Flyball, 7LD), Distance : 351 ft
Batting: RHB Bobby Buck 0-0: Ball
1-0: Swinging Strike
1-1: Ball
2-1: Foul Ball, location: 2F
2-2: Strikes out swinging
Top of the 1st over - 2 run(s), 2 hit(s), 0 error(s), 0 left on base; Gurdon 2 - Atlantic City 0
BOTTOM OF THE 1ST
Atlantic City Sonics batting - Pitching for Gurdon Pelicans : LHP Carlos Méndez
Pitching: LHP Carlos Méndez
Batting: RHB Josh Stafford 0-0: Ground out 6-3 (Groundball, 6M)
Batting: RHB Leonard Jones 0-0: Foul Ball, location: 2F
0-1: Ground out 1-3 (Groundball, 23)
Batting: RHB António Granados 0-0: Ball
1-0: Foul Ball, location: 2F
1-1: Ground out 5-3 (Groundball, 15S)
Bottom of the 1st over - 0 run(s), 0 hit(s), 0 error(s), 0 left on base; Gurdon 2 - Atlantic City 0
TOP OF THE 2ND
Gurdon Pelicans batting - Pitching for Atlantic City Sonics : LHP Carlos Sánchez
Batting: RHB Riley Howard 0-0: Ball
1-0: Fly out, F8 (Flyball, 8RS)
Batting: RHB António Sánchez 0-0: Foul Ball, location: 2F
0-1: Ball
1-1: Swinging Strike
1-2: Ball
2-2: Foul Ball, location: 2F
2-2: Ball
3-2: Foul Ball, location: 2F
3-2: Fly out, F6 (Popup, 5D)
Batting: RHB Tony Hernández 0-0: Ball
1-0: SINGLE (Groundball, 56D)
Batting: RHB Martín Álvarez 0-0: Ball
1-0: Foul Ball, location: 2F
1-1: SINGLE (Groundball, 34D) (infield hit)
Tony Hernández to second
Batting: RHB Ludovico Trezza 0-0: Swinging Strike
0-1: Ground out 4-3 (Groundball, 4)
Top of the 2nd over - 0 run(s), 2 hit(s), 0 error(s), 2 left on base; Gurdon 2 - Atlantic City 0
BOTTOM OF THE 2ND
Atlantic City Sonics batting - Pitching for Gurdon Pelicans : LHP Carlos Méndez
Batting: LHB Pedro López 0-0: Ground out 5-3 (Groundball, 5S)
Batting: RHB Jason Duncan 0-0: Ball
1-0: Called Strike
1-1: Ball
2-1: Ball
3-1: Base on Balls
Batting: LHB Kip Burks 0-0: Called Strike
0-1: Foul Ball, location: 2F
0-2: Ball
1-2: Ball
2-2: Foul Ball, location: 2F
2-2: Ball
3-2: Strikes out looking
Batting: SHB David Snyder 0-0: Called Strike
0-1: Ball
1-1: Ball
2-1: DOUBLE (Line Drive, 78M)
Jason Duncan to third
Batting: RHB Robbie Chambers 0-0: Ground out 4-3 (Groundball, 4)
Bottom of the 2nd over - 0 run(s), 1 hit(s), 0 error(s), 2 left on base; Gurdon 2 - Atlantic City 0
TOP OF THE 3RD
Gurdon Pelicans batting - Pitching for Atlantic City Sonics : LHP Carlos Sánchez
Batting: LHB Guillermo Martínez 0-0: Called Strike
0-1: Ball
1-1: Ball
2-1: Swinging Strike
2-2: Ball
3-2: SINGLE (Groundball, 4M)
Batting: RHB Alex Maxwell 0-0: Ball
1-0: Ball
2-0: Called Strike
2-1: Called Strike
2-2: Fly out, F8 (Flyball, 8LM)
Batting: SHB Lionel Merlet 0-0: Called Strike
0-1: Ball
1-1: Ball
2-1: Fly out, F3 (Popup, 3SF)
Batting: RHB Bobby Buck 0-0: Ball
1-0: Fielders Choice at 2nd, 5-4 (Groundball, 5)
Top of the 3rd over - 0 run(s), 1 hit(s), 0 error(s), 0 left on base; Gurdon 2 - Atlantic City 0
BOTTOM OF THE 3RD
Atlantic City Sonics batting - Pitching for Gurdon Pelicans : LHP Carlos Méndez
Batting: RHB Jim Scott 0-0: Swinging Strike
0-1: Swinging Strike
0-2: Ball
1-2: Ball
2-2: Strikes out swinging
Batting: RHB Josh Stafford 0-0: Called Strike
0-1: Ball
1-1: Called Strike
1-2: Ball
2-2: Foul Ball, location: 2F
2-2: Strikes out swinging
Batting: RHB Leonard Jones 0-0: Ball
1-0: Ball
2-0: Foul Ball, location: 2F
2-1: Called Strike
2-2: Foul Ball, location: 2F
2-2: Foul Ball, location: 2F
2-2: Ball
3-2: SINGLE (Groundball, 56D)
Batting: RHB António Granados 0-0: Called Strike
0-1: Ball
1-1: Fly out, F7 (Flyball, 7LM)
Bottom of the 3rd over - 0 run(s), 1 hit(s), 0 error(s), 1 left on base; Gurdon 2 - Atlantic City 0
TOP OF THE 4TH
Gurdon Pelicans batting - Pitching for Atlantic City Sonics : LHP Carlos Sánchez
Batting: RHB Riley Howard 0-0: Ground out 6-3 (Groundball, 6M)
Batting: RHB António Sánchez 0-0: Ball
1-0: Ground out 5-3 (Groundball, 5)
Batting: RHB Tony Hernández 0-0: Fly out, F8 (Flyball, 8RM)
Top of the 4th over - 0 run(s), 0 hit(s), 0 error(s), 0 left on base; Gurdon 2 - Atlantic City 0
BOTTOM OF THE 4TH
Atlantic City Sonics batting - Pitching for Gurdon Pelicans : LHP Carlos Méndez
Batting: LHB Pedro López 0-0: Foul Ball, location: 2F
0-1: Ball
1-1: Foul Ball, location: 2F
1-2: Ball
2-2: Ball
3-2: Foul Ball, location: 2F
3-2: Foul Ball, location: 2F
3-2: SINGLE (Line Drive, 6D)
Batting: RHB Jason Duncan 0-0: Ball
1-0: Called Strike
1-1: Ball
2-1: Fly out, F9 (Line Drive, 9S)
Batting: LHB Kip Burks 0-0: Ball
1-0: Called Strike
1-1: Swinging Strike
1-2: Ball
2-2: Strikes out looking
Batting: SHB David Snyder 0-0: Called Strike
Pedro López is caught stealing 2nd base
Bottom of the 4th over - 0 run(s), 1 hit(s), 0 error(s), 0 left on base; Gurdon 2 - Atlantic City 0
TOP OF THE 5TH
Gurdon Pelicans batting - Pitching for Atlantic City Sonics : LHP Carlos Sánchez
Batting: RHB Martín Álvarez 0-0: Ball
1-0: Foul Ball, location: 2F
1-1: Ball
2-1: Ball
3-1: Base on Balls
Batting: RHB Ludovico Trezza 0-0: Fly out, F7 (Flyball, 7S)
Batting: LHB Guillermo Martínez 0-0: Ball
1-0: Ball
2-0: Ball
3-0: Base on Balls
Martín Álvarez to second
Batting: RHB Alex Maxwell 0-0: Ball
1-0: Called Strike
1-1: Foul Ball, location: 2F
1-2: Ball
2-2: Foul Ball, location: 2F
2-2: Fly out, F9 (Flyball, 9M)
Batting: SHB Lionel Merlet 0-0: Called Strike
0-1: Swinging Strike
0-2: Ground out 5-3 (Groundball, 5S)
Top of the 5th over - 0 run(s), 0 hit(s), 0 error(s), 2 left on base; Gurdon 2 - Atlantic City 0
BOTTOM OF THE 5TH
Atlantic City Sonics batting - Pitching for Gurdon Pelicans : LHP Carlos Méndez
Batting: SHB David Snyder 0-0: Ball
1-0: SINGLE (Groundball, 56D) (infield hit)
Batting: RHB Robbie Chambers 0-0: Called Strike
0-1: Ball
1-1: Ball
2-1: Ball
3-1: Base on Balls
David Snyder to second
Batting: RHB Jim Scott 0-0: Foul Ball, location: 2F
0-1: Ball
1-1: Ball
2-1: Foul Ball, location: 2F
2-2: Ball
3-2: SINGLE (Line Drive, 5D)
David Snyder to third
Robbie Chambers to second
David Snyder scores
Robbie Chambers to third
Batting: RHB Josh Stafford 0-0: Foul Ball, location: 2F
0-1: Ball
1-1: Called Strike
1-2: Ball
2-2: Foul Ball, location: 2F
2-2: Reached on error, E1 (Groundball, 13S)
Robbie Chambers scores
Jim Scott to second
Batting: RHB Leonard Jones 0-0: Ball
1-0: Fly out, F9 (Flyball, 9M)
Batting: RHB António Granados 0-0: Called Strike
0-1: Ball
1-1: Ball
2-1: Grounds into double play, 4-6-3 (Groundball, 4)
Bottom of the 5th over - 2 run(s), 2 hit(s), 1 error(s), 1 left on base; Gurdon 2 - Atlantic City 2
TOP OF THE 6TH
Gurdon Pelicans batting - Pitching for Atlantic City Sonics : LHP Carlos Sánchez
Batting: RHB Bobby Buck 0-0: Ball
1-0: Foul Ball, location: 2F
1-1: Ball
2-1: Foul Ball, location: 2F
2-2: Ball
3-2: Strikes out swinging
Batting: RHB Riley Howard 0-0: Ball
1-0: Swinging Strike
1-1: Foul Ball, location: 2F
1-2: Ball
2-2: Ball
3-2: Base on Balls
Batting: RHB António Sánchez 0-0: Ball
1-0: Called Strike
1-1: Swinging Strike
1-2: Strikes out swinging
Batting: RHB Tony Hernández 0-0: Fielders Choice at 2nd, U4 (Groundball, 4M)
Top of the 6th over - 0 run(s), 0 hit(s), 0 error(s), 1 left on base; Gurdon 2 - Atlantic City 2
BOTTOM OF THE 6TH
Atlantic City Sonics batting - Pitching for Gurdon Pelicans : LHP Carlos Méndez
Batting: LHB Pedro López 0-0: Ball
1-0: Called Strike
1-1: Foul Ball, location: 2F
1-2: Ground out 6-3 (Groundball, 56)
Batting: RHB Jason Duncan 0-0: Ball
1-0: Swinging Strike
1-1: DOUBLE (Flyball, 8LXD) - OUT at third base trying to stretch hit.
Batting: LHB Kip Burks 0-0: Foul Ball, location: 2F
0-1: SINGLE (Line Drive, 7S)
Pitching: RHP Karl Pratt
Batting: SHB David Snyder 0-0: Swinging Strike
0-1: Ground out 6-3 (Groundball, 56S)
Bottom of the 6th over - 0 run(s), 2 hit(s), 0 error(s), 1 left on base; Gurdon 2 - Atlantic City 2
TOP OF THE 7TH
Gurdon Pelicans batting - Pitching for Atlantic City Sonics : LHP Carlos Sánchez
Pinch Hitting: RHB Chip Teague 0-0: Called Strike
0-1: Ball
1-1: Ball
2-1: SINGLE (Flyball, 78S)
Pinch Hitting: RHB Micah Miller 0-0: Ball
1-0: Ball
2-0: SINGLE (Line Drive, 7LS)
Chip Teague to second
Pinch Hitting: RHB Jim Unknown 0-0: Ball
1-0: Called Strike
1-1: Grounds into double play, 6-4-3 (Groundball, 6M)
Chip Teague to third
Batting: RHB Alex Maxwell 0-0: Ball
1-0: Ball
2-0: Ball
3-0: Called Strike
3-1: Base on Balls
Batting: SHB Lionel Merlet 0-0: Swinging Strike
0-1: Ball
1-1: Foul Ball, location: 2F
1-2: Strikes out swinging
Top of the 7th over - 0 run(s), 2 hit(s), 0 error(s), 2 left on base; Gurdon 2 - Atlantic City 2
BOTTOM OF THE 7TH
Atlantic City Sonics batting - Pitching for Gurdon Pelicans : RHP Karl Pratt
Now at 1B: Doug Rowland
Now at 3B: Jim Unknown
Now in RF: Micah Miller
Pinch Hitting: RHB Jim Unknown 0-0: Ball
1-0: Called Strike
1-1: Ball
2-1: Foul Ball, location: 2F
2-2: Ball
3-2: Base on Balls
Batting: RHB Jim Scott 0-0: Called Strike
0-1: Foul Ball, location: 2F
0-2: Ball
1-2: Ball
2-2: Foul Ball, location: 2F
2-2: Ball
3-2: Foul Ball, location: 2F
3-2: Foul Ball, location: 2F
3-2: Foul Ball, location: 2F
3-2: Strikes out swinging
Jim Unknown steals 2nd base
Batter strikes out.
Pinch Hitting: RHB Jim Unknown 0-0: Intentional Walk
Pinch Hitting: LHB Dale Parkinson 0-0: Foul Ball, location: 2F
0-1: Called Strike
0-2: Strikes out looking
Batting: RHB António Granados 0-0: Ball
1-0: Called Strike
1-1: Ball
2-1: Ball
3-1: Base on Balls
Jim Unknown to third
Jim Unknown to second
Pitching: LHP José Martínez
Pinch Hitting: RHB César Ramírez 0-0: Called Strike
0-1: Ball
1-1: Ball
2-1: Called Strike
2-2: Ball
3-2: Strikes out looking
Bottom of the 7th over - 0 run(s), 0 hit(s), 0 error(s), 3 left on base; Gurdon 2 - Atlantic City 2
TOP OF THE 8TH
Gurdon Pelicans batting - Pitching for Atlantic City Sonics : LHP Carlos Sánchez
Pitching: RHP Bob Manning
Now at 3B: Chris Henderson
Now at SS: Dale Parkinson
Now in LF: Jim Unknown
Now in CF: Jim Unknown
Batting: RHB Bobby Buck 0-0: Ground out 3-1 (Groundball, 34)
Batting: RHB Riley Howard 0-0: Ball
1-0: Foul Ball, location: 2F
1-1: Ball
2-1: Foul Ball, location: 2F
2-2: Ball
3-2: Base on Balls
Batting: RHB António Sánchez 0-0: Ball
1-0: Foul Ball, location: 2F
1-1: Reached on error, E5 (Groundball, 56S)
Riley Howard to second
Batting: RHB Tony Hernández 0-0: Ball
1-0: Ball
2-0: Ball
3-0: Base on Balls
Riley Howard to third
António Sánchez to second
Batting: RHB Doug Rowland 0-0: Ball
Wild Pitch!
Riley Howard scores
António Sánchez to third
Tony Hernández to second
1-0: Ball
2-0: Called Strike
2-1: Ball
3-1: Swinging Strike
3-2: Ground out 5-3 (Groundball, 56S)
Batting: RHB Micah Miller 0-0: Fly out, F8 (Flyball, 8LXD)
Top of the 8th over - 1 run(s), 0 hit(s), 1 error(s), 2 left on base; Gurdon 3 - Atlantic City 2
BOTTOM OF THE 8TH
Atlantic City Sonics batting - Pitching for Gurdon Pelicans : LHP José Martínez
Pitching: RHP Mike Lindsay
Batting: RHB Jason Duncan 0-0: Ball
1-0: SINGLE (Groundball, 56)
Pitching: RHP Ken Stewart
Batting: LHB Kip Burks 0-0: DOUBLE (Line Drive, 8RS)
Jason Duncan to third
Pinch Hitting: LHB Steven Johnson 0-0: Ball
1-0: Called Strike
1-1: Foul Ball, location: 2F
1-2: Ground out 4-3 (Groundball, 4M)
Batting: RHB Jim Unknown 0-0: Ball
1-0: Called Strike
1-1: Ball
2-1: Ball
3-1: SINGLE (Line Drive, 6D)
Jason Duncan scores
Kip Burks to third
Runner from 3rd tries for Home, SAFE, no throw or cutoff
Batting: RHB Jim Scott 0-0: Called Strike
0-1: SINGLE (Line Drive, 56)
Jim Unknown to second
Batting: RHB Jim Unknown 0-0: Foul Ball, location: 2F
0-1: Fly out, F9 (Flyball, 9D)
Runner from 2nd tags up, SAFE at 3rd, no throw
Batting: LHB Dale Parkinson 0-0: Ground out 1-3 (Groundball, 25)
Bottom of the 8th over - 2 run(s), 4 hit(s), 0 error(s), 2 left on base; Gurdon 3 - Atlantic City 4
TOP OF THE 9TH
Gurdon Pelicans batting - Pitching for Atlantic City Sonics : RHP Bob Manning
Pitching: LHP Jim Unknown
Now at C: Steven Johnson
Batting: RHB Jim Unknown 0-0: Called Strike
0-1: Called Strike
0-2: Ball
1-2: Foul Ball, location: 2F
1-2: Ball
2-2: Strikes out swinging
Batting: RHB Alex Maxwell 0-0: Ball
1-0: Ball
2-0: Ground out 6-3 (Groundball, 6)
Batting: SHB Lionel Merlet 0-0: Ball
1-0: Called Strike
1-1: Ground out 5-3 (Groundball, 5)
Top of the 9th over - 0 run(s), 0 hit(s), 0 error(s), 0 left on base; Gurdon 3 - Atlantic City 4
This league is powered by Out of the Park Baseball, the baseball management simulation game for PC, Mac and Linux
Saturday, July 25th, 2015 - OOTP Baseball 15.6 Build 34